 Dungeon Crawl Stone Soup version 0.31.0-32-g396128a36d (webtiles) character file.

Game seed: 5754349787802884660

3542 w4ck4d00 the Destroyer (level 10, -3/49 (74) HPs)
             Began as a Gnoll Conjurer on Mar 29, 2024.
             Was a Believer of Elyvilon.
             Slain by a basilisk (8 damage)
             ... on level 1 of the Lair of Beasts on Mar 30, 2024.
             The game lasted 01:44:46 (12082 turns).

w4ck4d00 the Destroyer (Gnoll Conjurer)            Turns: 12082, Time: 01:44:46

HP:   -3/49 (74)    AC:  4    Str:  9    XL:     10   Next: 9%
MP:   25/29         EV: 14    Int: 26    God:    Elyvilon [**....]
Gold: 393           SH:  0    Dex: 10    Spells: 12/23 levels left

rFire   . . .        p - +3 whip (venom)
rCold   . . .        (no shield)
rNeg    . . .        a - +2 robe
rPois   .            (no helmet)
rElec   .            h - scarf {+Inv}
rCorr   .            (no gloves)
SInv    .            (no boots)
Will    +....        (no amulet)
Stlth   +++          x - +6 ring of intelligence
HPRegen 0.28/turn    e - ring of magical power
MPRegen 0.21/turn

%: no passive effects
@: very heavily drained
A: fangs 1, strong nose, distributed training, strong-willed 1
a: Renounce Religion, Evoke Invisibility, Purification, Heal Other


You were on level 1 of the Lair of Beasts.
You worshipped Elyvilon.
Elyvilon was pleased with you.
You visited 3 branches of the dungeon, and saw 10 of its levels.

You collected 393 gold pieces.

Inventory:

Hand Weapons
 d - a +0 hand axe
 p - a +3 whip of venom (weapon)
Missiles
 c - 10 poisoned darts
 r - 5 javelins
 t - a throwing net
Armour
 a - a +2 robe (worn)
 h - a scarf of invisibility (worn)
 s - a +0 leather armour
Jewellery
 e - a ring of magical power (right hand)
 i - a ring of positive energy
 l - a ring of protection from fire
 m - a +6 ring of intelligence
 u - a ring of ice
 x - a +6 ring of intelligence (left hand)
Wands
 y - a wand of light (8)
 A - a wand of iceblast (14)
Scrolls
 j - a scroll of amnesia
 n - 2 scrolls of fog
 o - a scroll of immolation
 w - a scroll of identify
Potions
 b - a potion of magic
 f - a potion of degeneration
 g - 3 potions of enlightenment
 k - a potion of cancellation
 q - 2 potions of mutation
 v - 2 potions of lignification
 z - a potion of curing
 B - a potion of heal wounds


   Skills:
 + Level 5.1 Fighting
 + Level 5.1 Short Blades
 + Level 5.1 Long Blades
 + Level 5.1 Axes
 + Level 5.1 Maces & Flails
 + Level 5.1 Polearms
 + Level 5.1 Staves
 + Level 5.1 Ranged Weapons
 + Level 5.1 Throwing
 + Level 5.1 Armour
 + Level 6.9 Dodging
 + Level 6.7 Stealth
 + Level 5.1 Shields
 + Level 5.1 Unarmed Combat
 + Level 7.2 Spellcasting
 + Level 8.3 Conjurations
 + Level 4.2 Hexes
 + Level 4.2 Summonings
 + Level 4.2 Necromancy
 + Level 4.2 Translocations
 + Level 4.2 Fire Magic
 + Level 4.2 Ice Magic
 + Level 4.2 Air Magic
 + Level 4.2 Earth Magic
 + Level 4.2 Alchemy
 + Level 5.6 Invocations
 + Level 5.1 Evocations
 + Level 4.6 Shapeshifting


You had 12 spell levels left.
You knew the following spells:

 Your Spells              Type           Power      Damage    Failure   Level
a - Magic Dart            Conj           100%       1d8       1%          1
b - Searing Ray           Conj           100%       2d8       1%          2
c - Iskenderun's Mystic   Conj/Tloc      42%        2d10      4%          4
d - Summon Blazeheart Go  Fire/Summ      31%        N/A       11%         4

Your spell library contained the following spells:

 Spells                   Type           Power      Damage    Failure   Level
 Apportation              Tloc           62%        N/A       1%          1
 Kiss of Death            Conj/Necr      100%       2d13      1%          1
 Necrotise                Necr           100%       1d9       1%          1
 Sting                    Conj/Alch      100%       1d9       1%          1
 Summon Small Mammal      Summ           100%       N/A       1%          1
 Mercury Vapours          Alch/Air       62%        N/A       1%          2
 Call Canine Familiar     Summ           31%        N/A       3%          3
 Confusing Touch          Hex            31%        N/A       3%          3
 Fulminant Prism          Conj/Alch      21%        3d12      4%          4
 Anguish                  Hex/Necr       15%        N/A       11%         4
 Cause Fear               Hex            15%        N/A       11%         4
 Dispel Undead            Necr           31%        3d14      11%         4
 Olgreb's Toxic Radiance  Alch           31%        N/A       11%         4
 Enfeeble                 Hex            15%        N/A       100%        7


Dungeon Overview and Level Annotations

Branches:
Dungeon (8/15)             Temple (1/1) D:4            Lair (1/5) D:8

Altars:
Ashenzari
Cheibriados
Dithmenos
Elyvilon
Gozag
Kikubaaqudgha
Qazlal
Ru
Sif Muna
Trog
Uskayaw
Vehumet
Wu Jian
Xom
Yredelemnul
Zin


Innate Abilities, Weirdness & Mutations

You have very sharp teeth.
Your uncanny sense of smell can sniff out nearby items.
Your experience applies equally to all skills.
You are strong-willed. (Will+)


Message History

Casting: Magic Dart (safe; 1% risk of failure)
Confirm with . or Enter, or press ? or * to list all spells.
You can't see any susceptible monsters within range! (Use Z to cast anyway.)
Casting: Magic Dart (safe; 1% risk of failure)
Confirm with . or Enter, or press ? or * to list all spells.
A fiery spirit appears, bound in slag iron.
The basilisk gazes at you. You resist with almost no effort.
Your blazeheart golem's core grows cold and it stops moving.
The basilisk gazes at you.
You are slowing down.
Casting: Summon Blazeheart Golem (quite dangerous; 11% risk of failure)
Confirm with . or Enter, or press ? or * to list all spells.
Aiming: Searing Ray (safe; 1% risk of failure)
Press: ? - help, Shift-Dir - straight line, f/p - basilisk
Aim: a basilisk (ally target, 79% to hit)
The searing ray misses the basilisk. (Press . to maintain the ray.)
The basilisk gazes at you. You resist with almost no effort.
Your limbs are stiffening.
The searing ray hits the basilisk!
The basilisk is moderately wounded.
You have turned to stone.
The basilisk gazes at you. You resist with almost no effort.
The basilisk bites you! x3
The basilisk bites you but does no damage.
The basilisk bites you. The basilisk bites you!
The basilisk bites you but does no damage.
The basilisk bites you!
You turn to flesh and can move again.
The basilisk misses you. The basilisk bites you!
* * * LOW HITPOINT WARNING * * *
Your blazeheart golem's core flares to life once more.
The basilisk misses you.
Your blazeheart golem closely misses the basilisk.
The basilisk bites you!
You die...

#.# .# #..#.
##.#.##
#....P#
#...##
#....##
#.....#
##.l9.####
#.@...#.#
#.......#
#.......##
#........###
#..!.......#
#.......#..#
#......## ..
#......##
##.......#


You could see a basilisk (ally target) and a friendly blazeheart golem
(summoned).

Vanquished Creatures
  Pikel (D:6)
  Maurice (D:7)
  Sigmund (D:6)
  2 water moccasins
  An ice beast (D:8)
  A black bear (D:6)
  4 ogres
  2 sky beasts (D:7)
  A centaur (D:5)
  3 phantoms (D:6)
  3 lemures (D:6)
  A bullfrog (D:7)
  3 scorpions
  5 killer bees (D:7)
  A howler monkey (D:7)
  4 jellies
  A hound (D:5)
  A sleepcap (D:5)
  2 iguanas
  An orc wizard (D:5)
  Robin (D:4)
  11 adders
  3 gnolls (D:4)
  A shadow imp (D:7)
  2 white imps (D:5)
  2 ufetubi (D:6)
  A ribbon worm (D:2)
  6 dart slugs
  19 orcs
  6 bats
  6 endoplasms
  5 giant cockroaches (D:1)
  11 goblins
  6 hobgoblins
  2 jackals (D:2)
  3 kobolds
  3 quokkas
  7 ball pythons
  3 frilled lizards
  3 rats
140 creatures vanquished.

Vanquished Creatures (collateral kills)
  A steam dragon (D:6)
  A sky beast (D:6)
  An ice beast (D:7)
  A howler monkey (D:7)
  A goblin (D:1)
5 creatures vanquished.

Grand Total: 145 creatures vanquished

Notes
Turn   | Place    | Note
-------+----------+-------------------------------------------
     0 | D:1      | w4ck4d00 the Gnoll Conjurer began the quest for the Orb.
     0 | D:1      | Reached XP level 1. HP: 13/13 MP: 6/6
   913 | D:1      | Reached XP level 2. HP: 18/19 MP: 4/7
  2132 | D:1      | Reached skill level 5 in Spellcasting
  2132 | D:1      | Reached XP level 3. HP: 25/25 MP: 6/9
  2726 | D:2      | Reached skill level 1 in Invocations
  3188 | D:2      | Reached skill level 1 in Fighting
  3188 | D:2      | Reached skill level 1 in Short Blades
  3188 | D:2      | Reached skill level 1 in Long Blades
  3188 | D:2      | Reached skill level 1 in Axes
  3188 | D:2      | Reached skill level 1 in Maces & Flails
  3188 | D:2      | Reached skill level 1 in Polearms
  3188 | D:2      | Reached skill level 1 in Staves
  3188 | D:2      | Reached skill level 1 in Ranged Weapons
  3188 | D:2      | Reached skill level 1 in Throwing
  3188 | D:2      | Reached skill level 1 in Armour
  3188 | D:2      | Reached skill level 1 in Shields
  3188 | D:2      | Reached skill level 1 in Unarmed Combat
  3188 | D:2      | Reached skill level 1 in Evocations
  3671 | D:2      | Reached skill level 1 in Shapeshifting
  3671 | D:2      | Reached XP level 4. HP: 21/32 MP: 3/11
  4156 | D:2      | Learned a level 2 spell: Searing Ray
  4427 | D:3      | Gained mutation: You are strong-willed. (Will+) [potion of
                  | mutation]
  4455 | D:3      | Reached skill level 1 in Hexes
  4455 | D:3      | Reached skill level 1 in Summonings
  4455 | D:3      | Reached skill level 1 in Necromancy
  4455 | D:3      | Reached skill level 1 in Translocations
  4455 | D:3      | Reached skill level 1 in Fire Magic
  4455 | D:3      | Reached skill level 1 in Ice Magic
  4455 | D:3      | Reached skill level 1 in Air Magic
  4455 | D:3      | Reached skill level 1 in Earth Magic
  4455 | D:3      | Reached skill level 1 in Alchemy
  5355 | D:3      | Noticed a scorpion
  5361 | D:3      | Killed a scorpion
  5362 | D:3      | Reached XP level 5. HP: 37/37 MP: 12/12
  5688 | D:4      | You fall into a shaft and drop 1 floor!
  5688 | D:5      | Entered Level 5 of the Dungeon
  5702 | D:5      | Reached XP level 6. HP: 37/44 MP: 13/14
  5861 | D:5      | Reached skill level 5 in Dodging
  6006 | D:5      | Learned a level 1 spell: Kiss of Death
  6163 | D:5      | Reached XP level 7. HP: 27/51 MP: 15/15
  6470 | D:5      | Reached skill level 5 in Stealth
  7248 | D:4      | Found a staircase to the Ecumenical Temple.
  7282 | Temple   | Entered the Ecumenical Temple
  7321 | Temple   | Became a worshipper of Elyvilon the Healer
  7898 | D:4      | Noticed Robin
  7929 | D:4      | Killed Robin
  8120 | D:6      | Reached XP level 8. HP: 58/58 MP: 16/16
  8162 | D:6      | Learned a level 4 spell: Iskenderun's Mystic Blast
  8167 | D:6      | Learned a level 4 spell: Summon Blazeheart Golem
  8345 | D:6      | Reached * piety under Elyvilon
  8455 | D:6      | HP: 2/87 [steam dragon] (8)]
  8712 | D:6      | Noticed Sigmund
  8717 | D:6      | Killed Sigmund
  8857 | D:6      | Noticed Pikel
  8907 | D:6      | Killed Pikel
  8908 | D:6      | Reached XP level 9. HP: 34/65 MP: 15/18
  9238 | D:6      | Reached skill level 8 in Conjurations
 10080 | D:7      | Reached ** piety under Elyvilon
 10356 | D:7      | Reached skill level 5 in Invocations
 10356 | D:7      | HP: 1/66 [poisoned by a killer bee]
 10674 | D:7      | Noticed Maurice
 10690 | D:7      | Killed Maurice
 11020 | D:7      | Reached skill level 5 in Fighting
 11020 | D:7      | Reached skill level 5 in Short Blades
 11020 | D:7      | Reached skill level 5 in Long Blades
 11020 | D:7      | Reached skill level 5 in Axes
 11020 | D:7      | Reached skill level 5 in Maces & Flails
 11020 | D:7      | Reached skill level 5 in Polearms
 11020 | D:7      | Reached skill level 5 in Staves
 11020 | D:7      | Reached skill level 5 in Ranged Weapons
 11020 | D:7      | Reached skill level 5 in Throwing
 11020 | D:7      | Reached skill level 5 in Armour
 11020 | D:7      | Reached skill level 5 in Shields
 11020 | D:7      | Reached skill level 5 in Unarmed Combat
 11020 | D:7      | Reached skill level 5 in Evocations
 11020 | D:7      | Reached XP level 10. HP: 39/74 MP: 11/20
 11924 | D:8      | Found a staircase to the Lair.
 11932 | Lair:1   | Entered Level 1 of the Lair of Beasts
 12082 | Lair:1   | Slain by a basilisk

Illustrated notes

Levels and vault maps discovered:
D:1:      mrwooster_arrival_statue_2, layout_loops_corners
D:2:      layout_basic
D:3:      layout_basic
D:4:      layout_basic, minmay_temple_entry_ruins, grunt_decor_mini_mirrors,
          uniq_robin
D:5:      layout_layer_cave, dk_vineyard_3
D:6:      layout_cave_pools, reono_crystal_passage, uniq_sigmund, uniq_pikel
D:7:      layout_cave_pools, serial_park_tiny_2, serial_bayou_pond_d,
          hangedman_decor_diamond_cutter, nicolae_underground_beach,
          uniq_maurice
D:8:      nzn_winding_woodlands_cross [nzn_winding_woodlands_5x15_twine,
          nzn_winding_woodlands_5x15_river_crossing,
          nzn_winding_woodlands_5x15_jagged, nzn_winding_woodlands_5x15_garden,
          nzn_winding_woodlands_15x15_eel_pit], layout_basic,
          gammafunk_temple_overflow_pools, grunt_temple_overflow_open,
          serial_shops, nicolae_diamond_shop
Temple:   nicolae_temple_slightly_damp_pantheon
Lair:1:   layout_cave_pods, st_stairs_8, serial_bayou_crossing,
          infiniplex_staircase_pool_2, lemuel_fruit_tree

Skill      XL: |  1  2  3  4  5  6  7  8  9 |
---------------+----------------------------+-----
Spellcasting   | 5 6 7 |  7.2
Invocations    | 1 2 3 4 5 |  5.6
Fighting       | 1 2 3 4 5 |  5.1
Short Blades   | 1 2 3 4 5 |  5.1
Long Blades    | 1 2 3 4 5 |  5.1
Axes           | 1 2 3 4 5 |  5.1
Maces & Flails | 1 2 3 4 5 |  5.1
Polearms       | 1 2 3 4 5 |  5.1
Staves         | 1 2 3 4 5 |  5.1
Ranged Weapons | 1 2 3 4 5 |  5.1
Throwing       | 1 2 3 4 5 |  5.1
Armour         | 1 2 3 4 5 |  5.1
Shields        | 1 2 3 4 5 |  5.1
Unarmed Combat | 1 2 3 4 5 |  5.1
Evocations     | 1 2 3 4 5 |  5.1
Shapeshifting  | 1 2 3 4 |  4.6
Hexes          | 1 2 3 4 |  4.2
Summonings     | 1 2 3 4 |  4.2
Necromancy     | 1 2 3 4 |  4.2
Translocations | 1 2 3 4 |  4.2
Fire Magic     | 1 2 3 4 |  4.2
Ice Magic      | 1 2 3 4 |  4.2
Air Magic      | 1 2 3 4 |  4.2
Earth Magic    | 1 2 3 4 |  4.2
Alchemy        | 1 2 3 4 |  4.2
Dodging        | 5 6 |  6.9
Stealth        | 5 6 |  6.7
Conjurations   | 8 |  8.3

Action                     |  1- 3 |  4- 6 |  7- 9 | 10-12 || total
---------------------------+-------+-------+-------+-------++-------
  Melee: Hand axe          |    11 |       |       |       ||    11
         Bite              |     2 |       |     5 |     1 ||     8
         Whip              |       |       |    21 |     6 ||    27
   Cast: Magic Dart        |    73 |    61 |    91 |     8 ||   233
         Searing Ray       |       |    16 |    44 |     5 ||    65
         Summon Blazeheart |       |       |     5 |     2 ||     7
         Iskenderun's Myst |       |       |     5 |       ||     5
 Invoke: Purification      |       |       |     1 |       ||     1
Ability: Evoke Invisibilit |       |       |     2 |     2 ||     4
  Evoke: Wand              |       |       |     3 |       ||     3
    Use: Potion            |     3 |     1 |     6 |       ||    10
         Scroll            |     4 |     6 |     5 |     2 ||    17
 Armour: Robe              |    18 |    10 |    67 |    17 ||   112
         Skin              |       |       |     9 |       ||     9
  Dodge: Dodged            |    30 |     6 |    33 |     7 ||    76
